 Dungeon Crawl Stone Soup version 0.29.1-2-gbd0b4ee654 (webtiles) character file.

Game seed: 12884365642244171446

112 GorkyZ the Magician (level 4, 0/24 HPs)
             Began as a Deep Elf Hedge Wizard on Nov 17, 2022.
             Slain by an orc wizard
             ... wielding a +0 dagger
              (2 damage)
             ... on level 3 of the Dungeon.
             The game lasted 00:15:58 (5247 turns).

GorkyZ the Magician (Deep Elf Hedge Wizard)         Turns: 5247, Time: 00:15:58

Health: 0/24       AC:  2    Str:  7    XL:     4   Next: 64%
Magic:  9/14       EV: 13    Int: 21    God:
Gold:   192        SH:  0    Dex: 14    Spells: 11/15 levels left

rFire   . . .      SeeInvis .   a - +0 dagger
rCold   . . .      Faith    .   (no shield)
rNeg    . . .      Spirit   .   b - +0 robe
rPois   .          Reflect  .   c - +0 hat
rElec   .          Harm     .   (no cloak)
rCorr   .          Rampage  .   (no gloves)
Will    .....                   (no boots)
Stlth   ++........              (no amulet)
HPRegen 0.08/turn               (no ring)
MPRegen 0.14/turn               (no ring)

@: no status effects
A: no striking features
a: no special abilities


You were on level 3 of the Dungeon.
You visited 1 branch of the dungeon, and saw 4 of its levels.

You collected 192 gold pieces.

Inventory:

Hand Weapons
 a - a +0 dagger (weapon)
Missiles
 e - 3 throwing nets
Armour
 b - a +0 robe (worn)
 c - a +0 hat (worn)
Jewellery
 i - a ring of resist corrosion
Scrolls
 g - 5 scrolls of identify {unknown}
 h - a scroll of brand weapon {unknown}
 k - a scroll of immolation {unknown}
 m - a scroll of blinking {unknown}
 p - a scroll of teleportation {unknown}
 s - a scroll of vulnerability {unknown}
 u - a scroll of fog {unknown}
Potions
 d - a potion of magic
 f - a potion of resistance {unknown}
 j - a potion of attraction {unknown}
 l - a potion of degeneration {unknown}
 n - 2 potions of flight {unknown}
 o - a potion of mutation {unknown}
 q - a potion of might {unknown}
 r - a potion of curing {unknown}
 t - a potion of lignification {unknown}


   Skills:
 - Level 0.2 Fighting
 - Level 0.4 Staves
 - Level 3.0 Dodging
 - Level 2.4 Stealth
 + Level 6.1 Spellcasting
 - Level 1.7 Conjurations
 - Level 1.3 Summonings
 - Level 1.2 Translocations
 - Level 1.1 Air Magic
 - Level 1.1 Poison Magic


You had 11 spell levels left.
You knew the following spells:

 Your Spells              Type           Power      Damage    Failure   Level
a - Magic Dart            Conj           52%        1d5       4%          1
b - Mephitic Cloud        Conj/Pois/Air  12%        N/A       17%         3

Your spell library contained the following spells:

 Spells                   Type           Power      Damage    Failure   Level
 Blink                    Tloc           22%        N/A       9%          2
 Call Imp                 Summ           12%        N/A       9%          2
 Slow                     Hex            24%        N/A       10%         1
 Sublimation of Blood     Necr           6%         N/A       14%         2
 Conjure Flame            Conj/Fire      10%        6-21      21%         3
 Petrify                  Tmut/Erth      6%         N/A       67%         4
 Irradiate                Conj/Tmut      5%         3d13      88%         5


Dungeon Overview and Level Annotations

Branches:
Dungeon (4/15)
 Temple: D:4-7

Altars:


Message History

You're too confused to cast spells.
You barely miss the orc wizard.
The orc wizard is moderately wounded.
The orc wizard barely misses you.
You closely miss the orc wizard.
The orc wizard is moderately wounded.
The orc wizard casts a spell.
The orc wizard flickers and vanishes!
Deactivating autopickup; reactivate with Ctrl-A.
You miss something. Something hits you.
You completely miss something. Something hits you.
You miss something. Something hits you but does no damage.
Things that are here:
3 boomerangs; a +0 mace; an orc corpse Something hits you.
You feel less confused.
You closely miss something. Something hits you.
You hit something.
You hear some strange, mumbled words.
A puff of flame appears from out of thin air!
The puff of flame hits you!
* * * LOW HITPOINT WARNING * * *
You are too injured to fight recklessly!
Aiming: Magic Dart (safe; 4% risk of failure)
Press: ? - help, Q - select action, (/) - cycle Shift-Dir - straight line The magic dart hits something but does no damage.
Something hits you but does no damage.
Aiming: Magic Dart (safe; 4% risk of failure)
Press: ? - help, Q - select action, (/) - cycle Shift-Dir - straight line The magic dart hits something but does no damage.
Something hits you but does no damage.
Aiming: Magic Dart (safe; 4% risk of failure)
Press: ? - help, Q - select action, (/) - cycle Shift-Dir - straight line The magic dart hits something.
Something barely misses you.
Aiming: Magic Dart (safe; 4% risk of failure)
Press: ? - help, Q - select action, (/) - cycle Shift-Dir - straight line The magic dart hits something but does no damage.
Something hits you.
You die...

......#.###########...###.#.#
#.
......#.#........##.......#.#
#.
..........######.#...######.#
#. .....#....###
#.#.)........# #.
.....#......####.#.##########
#. .....###.......#...# #.
.....# #..###...>#.# #.
.....# #..#
#...{(.#############. ######
#..# #..#@####............
#..# #..#.# #.###########
#..# #..#.# #.# #..# #..#.#
#.# #..# #..#.# #.# #..#
#..#.# #.# ########..###..#.#
#.# .................# #)#
########.############)#


There were no monsters in sight!

Vanquished Creatures
  3 adders (D:3)
  A worm (D:4)
  A dart slug (D:3)
  6 orcs (D:3)
  10 bats
  6 endoplasms
  5 giant cockroaches
  7 goblins
  4 hobgoblins
  3 jackals (D:1)
  4 kobolds
  5 quokkas
  3 ball pythons
  4 frilled lizards
  6 rats
68 creatures vanquished.

Vanquished Creatures (others)
  A fungus (D:4)
1 creature vanquished.

Grand Total: 69 creatures vanquished

Notes
Turn   | Place    | Note
-------+----------+-------------------------------------------
     0 | D:1      | GorkyZ the Deep Elf Hedge Wizard began the quest for the
                  | Orb.
     0 | D:1      | Reached XP level 1. HP: 10/10 MP: 7/7
   314 | D:1      | Reached XP level 2. HP: 15/15 MP: 6/9
   469 | D:1      | Found a faded altar of an unknown god.
  1477 | D:1      | Reached XP level 3. HP: 17/19 MP: 3/11
  1889 | D:2      | Learned a level 3 spell: Mephitic Cloud
  1967 | D:2      | Reached skill level 1 in Poison Magic
  2263 | D:2      | Reached skill level 1 in Air Magic
  3062 | D:3      | Reached skill level 5 in Spellcasting
  3065 | D:3      | Reached XP level 4. HP: 24/24 MP: 4/13
  4785 | D:3      | Reached skill level 6 in Spellcasting
  5247 | D:3      | Slain by an orc wizard

Illustrated notes

Levels and vault maps discovered:
D:1:      dpeg_arrival_brainrot, layout_loops_ring,
          hellmonk_ecumenical_altar_inner_sanctum
D:2:      layout_basic, dreamdust_mushroom_princess
D:3:      layout_basic, st_stairs_11
D:4:      old_forge, layout_cave_pods, uniq_sigmund

Skill      XL: |  1  2  3  4 |
---------------+-------------+-----
Poison Magic   | 1 |  1.1
Air Magic      | 1 |  1.1
Dodging        | 3 |  3.0
Spellcasting   | 5 6 |  6.1
Fighting       | |  0.2
Staves         | |  0.4
Stealth        | |  2.4
Conjurations   | |  1.7
Summonings     | |  1.3
Translocations | |  1.2

Action                   |  1- 3 |  4- 6 || total
-------------------------+-------+-------++-------
Melee: Dagger            |    14 |    25 ||    39
       Punch             |       |     1 ||     1
 Cast: Magic Dart        |   129 |    78 ||   207
Armor: Robe              |    12 |    10 ||    22
Dodge: Dodged            |    26 |    41 ||    67
